 Dungeon Crawl Stone Soup version 0.31-a0-233-g139696dc86 (webtiles) character file.

Game seed: 3844154472147648430

833 qw the Shooter (level 7, -9/44 HPs)
             Began as a Gargoyle Hexslinger on July 8, 2023.
             Mangled by Maggie
             ... wielding a +1 glaive of flaming
              (10 damage)
             ... on level 6 of the Dungeon.
             The game lasted 00:01:39 (3709 turns).

qw the Shooter (Gargoyle Hexslinger)                Turns: 3709, Time: 00:01:39

Health: -9/44      AC: 13    Str: 12    XL:     7   Next: 98%
Magic:  8/8        EV: 12    Int: 13    God:
Gold:   199        SH:  0    Dex: 14    Spells: 7/8 levels left

rFire   + . .        b - +0 orcbow (heavy)
rCold   . . .        (shield currently unavailable)
rNeg    + + .        l - +2 robe {rN+}
rPois   inf          (no helmet)
rElec   +            c - +0 cloak
rCorr   .            (no gloves)
SInv    .            (no boots)
Will    .....        g - amulet of the acrobat
Stlth   +            h - ring of protection from fire
HPRegen 0.27/turn    j - +4 ring of protection
MPRegen 0.11/turn

%: acrobat
@: about to teleport
A: sickness immunity, AC +4, negative energy resistance 1, electricity
resistance, torment resistance 1, petrification resistance
a: no special abilities


You were on level 6 of the Dungeon.
You visited 1 branch of the dungeon, and saw 6 of its levels.

You collected 199 gold pieces.


Innate Abilities, Weirdness & Mutations

You are immune to sickness and miasma.
Your stone body is resilient. (AC +4)
You are immune to poison.
You resist negative energy. (rN+)
You are resistant to electric shocks. (rElec)
You are resistant to unholy torment.
You are immune to petrification.


   Skills:
 - Level 4.6 Fighting
 + Level 7.8 Ranged Weapons
 - Level 1.5 Dodging
 - Level 1.0 Spellcasting
 - Level 2.6 Hexes


You had 7 spell levels left.
You knew the following spells:

 Your Spells              Type           Power      Damage    Failure   Level
a - Slow                  Hex            28%        N/A       10%         1

Your spell library contained the following spells:

 Spells                   Type           Power      Damage    Failure   Level
 Inner Flame              Hex/Fire       4%         N/A       43%         3
 Portal Projectile        Hex/Tloc       8%         N/A       43%         3
 Cause Fear               Hex            3%         N/A       67%         4

Inventory:

Hand Weapons
 b - a +0 heavy orcbow (weapon)
Armour
 c - a +0 cloak (worn)
 l - a +2 robe of positive energy (worn)
Jewellery
 g - an amulet of the acrobat (around neck)
 h - a ring of protection from fire (left hand)
 j - a +4 ring of protection (right hand)
Scrolls
 a - 8 scrolls of identify
 e - a scroll of teleportation
Potions
 d - 2 potions of enlightenment
 f - 3 potions of curing
 i - a potion of mutation

Dungeon Overview and Level Annotations

Branches:
Dungeon (6/15)
 Temple: D:4-7

Altars:
Ashenzari

Annotations:
D:5 1 transporter, qw's ghost, amateur GrFi
D:6 Maggie


Message History

Maggie hits you but does no damage. Maggie barely misses you.
You shoot an arrow. The arrow hits Maggie!
Maggie is heavily wounded.
Maggie mumbles some strange words.
Maggie draws you further into her thrall.
You shoot an arrow.
The arrow hits Maggie but does no damage.
Maggie is heavily wounded.
Maggie misses you. x2
You shoot an arrow.
The arrow hits Maggie but does no damage.
Maggie is heavily wounded.
Maggie hits you from afar with a +1 glaive of flaming!
Maggie burns you.
Maggie hits you from afar with a +1 glaive of flaming.
You shoot an arrow. The arrow closely misses Maggie.
Maggie barely misses you.
You shoot an arrow. The arrow hits Maggie!!
Maggie is almost dead.
You break out of your daze.
Maggie casts a spell.
Maggie attempts to bespell you! You resist. Maggie casts a spell at you.
The bolt of fire hits you! You resist.
Maggie mutters to herself, "Master Lance won't take me back.
This is the way forward."
Maggie gestures wildly while chanting.
Maggie attempts to bespell you! You resist.
You start resting.
Maggie is nearby!
You shoot an arrow. The arrow hits Maggie!
Maggie is almost dead.
Maggie hits you from afar with a +1 glaive of flaming.
You shoot an arrow. The arrow closely misses Maggie.
Maggie hits you from afar with a +1 glaive of flaming!
Maggie closely misses you.
3709 ||| READING 2 scrolls of teleportation.
As you read the scroll of teleportation, it crumbles to dust.
You feel strangely unstable.
Maggie hits you from afar with a +1 glaive of flaming!
You die...

#... ##
... .# ..#
.. ..###.
#####.##..
#.(.#.##.#
#...@.##.#
##.##@#
#..@..#
#..####
##..#
#...#
#...#
###.##
#..# #..##


You could see Maggie.

Vanquished Creatures
  Menkaure (D:4)
  2 black bears (D:5)
  Blork the orc (D:4)
  A gnoll sergeant (D:5)
  A hound (D:4)
  A gnoll bouda (D:5)
  Jessica (D:3)
  2 iguanas (D:4)
  10 gnolls
  6 adders
  A white imp (D:5)
  4 dart slugs
  13 orcs
  8 bats
  4 endoplasms
  7 giant cockroaches
  7 goblins
  6 hobgoblins
  2 jackals (D:4)
  5 kobolds
  7 quokkas
  6 ball pythons
  2 frilled lizards (D:1)
  9 rats
107 creatures vanquished.

Notes
Turn   | Place    | Note
-------+----------+-------------------------------------------
     0 | D:1      | qw the Gargoyle Hexslinger began the quest for the Orb.
     0 | D:1      | Reached XP level 1. HP: 12/12 MP: 2/2
     0 | D:1      | 0 ||| qw: Version: 0.3-a-46-gb1f654a
     0 | D:1      | 0 ||| qw: Game counter: 3674
     0 | D:1      | 0 ||| qw: Melee chars always use a shield: true
     0 | D:1      | 0 ||| qw: God list: Okawaru
     0 | D:1      | 0 ||| qw: Allow faded altars: false
     0 | D:1      | 0 ||| qw: Do Orc after clearing Dungeon:15 true
     0 | D:1      | 0 ||| qw: Do second Lair branch before Depths: true
     0 | D:1      | 0 ||| qw: Lair rune preference: random
     0 | D:1      | 0 ||| qw: Goals: Normal
     0 | D:1      | 0 ||| PLANNING D:1-11
    60 | D:1      | Reached XP level 2. HP: 16/16 MP: 3/3
   126 | D:1      | Reached skill level 3 in Ranged Weapons
   140 | D:1      | HP: 4/16 [frilled lizard (2)]
   145 | D:1      | HP: 2/17 [hobgoblin (3)]
   153 | D:1      | Reached XP level 3. HP: 4/21 MP: 4/4
   157 | D:1      | HP: 5/21 [bat (1)]
   179 | D:1      | 179 ||| FLEEEEING.
   180 | D:1      | 180 ||| FLEEEEING.
   484 | D:1      | Found a faded altar of an unknown god.
   767 | D:1      | 767 ||| DROPPING ring of wizardry.
   768 | D:1      | 768 ||| UPGRADING to ring of protection from fire.
   769 | D:1      | 769 ||| UPGRADING to +4 ring of protection.
   770 | D:1      | 770 ||| READING 3 scrolls labelled ZIONAJ VAID.
   771 | D:1      | 771 ||| READING scroll labelled LOFIYTZ QYIC.
   772 | D:1      | 772 ||| DRINKING 2 lumpy black potions.
   773 | D:1      | 773 ||| READING 2 scrolls of identify.
   773 | D:1      | 773 ||| IDENTIFYING purple potion
   774 | D:1      | 774 ||| DROPPING scroll of poison.
  1003 | D:2      | Reached XP level 4. HP: 26/26 MP: 5/5
  1035 | D:2      | Reached skill level 4 in Ranged Weapons
  1044 | D:2      | 1044 ||| FLEEEEING.
  1685 | D:2      | 1685 ||| UPGRADING to amulet of the acrobat.
  1690 | D:2      | 1690 ||| READING scroll labelled VECIEKL QESCHAA.
  1691 | D:2      | 1691 ||| READING scroll labelled TALEGO GESUET.
  1692 | D:2      | 1692 ||| READING 3 scrolls of identify.
  1692 | D:2      | 1692 ||| IDENTIFYING cyan potion
  1763 | D:3      | 1763 ||| SWAPPING to +0 orcbow.
  1764 | D:3      | 1764 ||| DROPPING +1 sling.
  1811 | D:3      | 1811 ||| READING 5 scrolls of identify.
  1811 | D:3      | 1811 ||| IDENTIFYING viscous brown potion
  1892 | D:3      | Reached XP level 5. HP: 30/30 MP: 6/6
  1953 | D:3      | Reached skill level 5 in Ranged Weapons
  2005 | D:3      | Noticed Jessica
  2007 | D:3      | Killed Jessica
  2221 | D:3      | 2221 ||| UPGRADING to +2 robe of positive energy.
  2231 | D:3      | 2231 ||| DROPPING +0 robe.
  2232 | D:3      | 2232 ||| READING scroll labelled NIL GOISM.
  2362 | D:4      | Reached skill level 3 in Fighting
  2425 | D:4      | Reached XP level 6. HP: 32/37 MP: 7/7
  2437 | D:4      | Found a broken altar of Ashenzari.
  2478 | D:4      | Noticed Blork the orc
  2484 | D:4      | Killed Blork the orc
  2485 | D:4      | Reached skill level 6 in Ranged Weapons
  2743 | D:4      | Noticed Menkaure
  2747 | D:4      | HP: 7/37 [Menkaure (11)]
  2748 | D:4      | 2748 ||| DRINKING potion of heal wounds.
  2750 | D:4      | Killed Menkaure
  2751 | D:4      | Reached XP level 7. HP: 30/44 MP: 8/8
  2988 | D:4      | 2988 ||| READING 2 scrolls labelled EROBUZ CEJUNOMM.
  2994 | D:5      | Entered Level 5 of the Dungeon
  3005 | D:5      | Found a transporter.
  3006 | D:5      | Noticed qw's ghost (amateur GrFi)
  3047 | D:5      | 3047 ||| FLEEEEING.
  3048 | D:5      | 3048 ||| FLEEEEING.
  3049 | D:5      | 3049 ||| FLEEEEING.
  3050 | D:5      | 3050 ||| FLEEEEING.
  3051 | D:5      | 3051 ||| FLEEEEING.
  3052 | D:5      | 3052 ||| FLEEEEING.
  3053 | D:5      | 3053 ||| FLEEEEING.
  3054 | D:5      | 3054 ||| FLEEEEING.
  3055 | D:5      | 3055 ||| FLEEEEING.
  3056 | D:5      | 3056 ||| FLEEEEING.
  3057 | D:5      | 3057 ||| FLEEEEING.
  3097 | D:5      | Reached skill level 7 in Ranged Weapons
  3615 | D:5      | 3615 ||| UPGRADING to +0 cloak.
  3620 | D:5      | 3620 ||| READING 2 scrolls labelled GECOAKIDIMM.
  3621 | D:5      | 3621 ||| READING scroll labelled ZICIEWKA YRPHO.
  3622 | D:5      | 3622 ||| DROPPING scroll of noise.
  3691 | D:6      | Noticed Maggie
  3708 | D:6      | HP: 1/44 [Maggie/+1 glaive of flaming (12)]
  3709 | D:6      | 3709 ||| READING 2 scrolls of teleportation.
  3709 | D:6      | Mangled by Maggie

Levels and vault maps discovered:
D:1:      dpeg_arrival_subterranean_lakeside_camping, layout_basic,
          shapermc_ecumenical_altar_mp_urbaneastern,
          dreamdust_mushroom_princess, minmay_circled_x
D:2:      layout_loops_corners, grunt_decor_clamped,
          nicolae_elevator_lobby_asterisk
D:3:      layout_rooms, wad_orctagon, uniq_jessica
D:4:      layout_cave_pools, lemuel_tele_altar, serial_co_window_serial,
          co_window_paths_a, co_window_cross_1, co_window_of_opportunity_a,
          co_window_corner_a, co_window_paths_a, co_window_2corner,
          co_window_corner_ca, co_window_of_opportunity_b,
          co_window_unsneaky_path_d, co_window_corner_ca, co_window_broadway_c,
          co_window_unsneaky_path_b, glass_columns_b, glass_columns_a,
          glass_columns_a, uniq_blork_the_orc, uniq_menkaure
D:5:      layout_basic, gammafunk_ghost_mausoleum, nicolae_grassy_gnolls
D:6:      corexii_shantytown, layout_layer_cave, uniq_prince_ribbit1,
          uniq_maggie

Skill      XL: |  1  2  3  4  5  6  7 |
---------------+----------------------+-----
Ranged Weapons | 3 4 5 6 7 |  7.8
Fighting       | 2 3 4 |  4.6
Dodging        | |  1.5
Spellcasting   | |  1.0
Hexes          | |  2.6

Action                     |  1- 3 |  4- 6 |  7- 9 || total
---------------------------+-------+-------+-------++-------
   Fire: Sling             |   145 |    43 |       ||   188
         Orcbow            |       |   107 |    64 ||   171
    Use: Scroll            |     3 |     5 |     4 ||    12
         Potion            |     1 |     1 |       ||     2
 Armour: Robe              |    28 |    38 |    11 ||    77
  Dodge: Dodged            |    77 |    47 |    22 ||   146

Table legend:
 A = Non-vault XP
 B = Vault XP
 C = Vault XP percentage of total XP
 D = Non-vault monster count
 E = Vault monster count
 F = Vault count percentage of total count
                 A         B        C        D         E       F
            +---------+---------+-------+---------+---------+-------
      Total |     684 |     506 |  42.5 |      84 |      23 |  21.5
            +---------+---------+-------+---------+---------+-------
        D:1 |      46 |      16 |  25.8 |      26 |      10 |  27.8
        D:2 |      79 |       0 |   0.0 |      18 |       0 |   0.0
        D:3 |      49 |      49 |  50.0 |      12 |       5 |  29.4
        D:4 |     200 |     269 |  57.4 |      16 |       2 |  11.1
        D:5 |     310 |     170 |  35.4 |      12 |       5 |  29.4
        D:6 |       0 |       2 | 100.0 |       0 |       1 | 100.0
            +---------+---------+-------+---------+---------+-------
